 Dungeon Crawl Stone Soup version 0.26-a0-612-gd4d190f45e (webtiles) character file.

Game seed: 1079959199112011000

513 DogServant the Ducker (level 7, -2/55 HPs)
             Began as a Demonspawn Gladiator on Sept 10, 2020.
             Slain by an orc warrior
             ... wielding a +0 halberd
              (5 damage)
             ... on level 4 of the Dungeon.
             The game lasted 00:16:29 (5646 turns).

DogServant the Ducker (Demonspawn Gladiator)        Turns: 5646, Time: 00:16:30

Health: -2/55      AC:  7    Str: 16    XL:     7   Next: 0%
Magic:  7/7        EV: 14    Int:  9    God:
Gold:   206        SH:  0    Dex: 15    Spells: 6/6 levels left

rFire    . . .     SeeInvis .   a - +0 long sword
rCold    . . .     Faith    .   (no shield)
rNeg     . . .     Spirit   .   b - +0 leather armour
rPois    .         Reflect  .   (helmet restricted)
rElec    .         Harm     .   r - +0 cloak
rCorr    .                      (no gloves)
MR       .....                  j - +0 pair of boots
Stlth    +.........             (no amulet)
HPRegen  0.18/turn              (no ring)
MPRegen  0.10/turn              (no ring)

@: mighty
A: horns 1, iridescent scales 1, powered by death 1
a: no special abilities


You were on level 4 of the Dungeon.
You visited 1 branch of the dungeon, and saw 4 of its levels.

You collected 206 gold pieces.

Inventory:

Hand Weapons
 a - a +0 long sword (weapon)
 w - a +0 hunting sling
Missiles
 d - 2 throwing nets
 q - 4 poisoned darts (quivered)
 x - 123 stones
 z - 13 sling bullets
 A - 78 arrows
Armour
 b - a +0 leather armour (worn)
 c - a +0 helmet
 j - a +0 pair of boots (worn)
 m - a +0 helmet
 r - a +0 cloak (worn)
Jewellery
 i - an uncursed ring of protection from magic
Wands
 v - a wand of enslavement (11)
 C - a wand of digging (5)
Scrolls
 f - 2 scrolls of remove curse
 g - a scroll of enchant armour
 h - 2 scrolls of immolation {unknown}
 n - a scroll of magic mapping {unknown}
 s - 4 scrolls of teleportation {unknown}
 u - a scroll of fear {unknown}
 y - a scroll of random uselessness {unknown}
 B - a scroll of amnesia {unknown}
 D - a scroll of identify
Potions
 k - 2 potions of lignification
 l - a potion of heal wounds
 o - 3 potions of curing {unknown}
 p - a potion of brilliance {unknown}
 t - a potion of haste {unknown}


   Skills:
 + Level 4.5 Fighting
 + Level 4.6 Long Blades
 - Level 1.9 Throwing
 + Level 4.7 Dodging


You had 6 spell levels left.
You didn't know any spells.
Your spell library was empty.

Dungeon Overview and Level Annotations

Branches:
Dungeon (4/15)
 Temple: D:4-7

Altars:


Innate Abilities, Weirdness & Mutations

You have a pair of small horns on your head.
You are partially covered in iridescent scales. (AC +2)
You regenerate a little health from kills.


Message History

The orc warrior hits you from afar with a +0 halberd!
* * * LOW HITPOINT WARNING * * *
Okay, then.
You feel much better.
You feel very mighty all of a sudden. The orc warrior misses you.
The orc barely misses you.
The orc warrior hits you with a +0 halberd!
* * * LOW HITPOINT WARNING * * *
You slash the orc warrior!
The orc warrior is heavily wounded.
The orc misses you.
You riposte.
You slash the orc!
You kill the orc!
You have reached level 7!
The orc warrior hits you with a +0 halberd!
* * * LOW HITPOINT WARNING * * *
You barely miss the orc warrior.
The orc warrior is heavily wounded.
The orc warrior hits you with a +0 halberd.
You die...

#.# ###..# ## # #....#
# # #.##.##<# ###.#.
##### #.......# .o#.#
#...# #######.####
#o#.###...### #...###.#
#)#.#.....).###.......#
#..#......).##...†.####
#.#.#^....o@........#
#.#####...####.....##
.. #...# ##...## .##
##### ##.## .$ ### ##


You could see an orc warrior.

Vanquished Creatures
  2 scorpions (D:4)
  2 orc priests (D:3)
  An orc wizard (D:3)
  Ijyb (D:3)
  3 worker ants (D:4)
  Robin (D:3)
  6 adders
  2 oozes
  An adder skeleton (D:4)
  2 worms (D:2)
  2 dart slugs (D:3)
  6 leopard geckos
  14 orcs
  4 giant cockroaches
  23 goblins
  22 hobgoblins
  A ball python (D:2)
  9 bats
  5 frilled lizards
  14 kobolds
  5 rats
126 creatures vanquished.

Vanquished Creatures (others)
  A plant (D:1)
1 creature vanquished.

Grand Total: 127 creatures vanquished

Notes
Turn   | Place    | Note
-------+----------+-------------------------------------------
     0 | D:1      | DogServant the Demonspawn Gladiator began the quest for the
                  | Orb.
     0 | D:1      | Reached XP level 1. HP: 16/16 MP: 1/1
   232 | D:1      | Gained mutation: You regenerate a little health from kills.
                  | [demonic ancestry]
   232 | D:1      | Reached XP level 2. HP: 22/22 MP: 2/2
   749 | D:1      | Reached XP level 3. HP: 16/28 MP: 3/3
  2024 | D:2      | Reached XP level 4. HP: 11/34 MP: 4/4
  3291 | D:2      | Gained mutation: You are partially covered in iridescent
                  | scales. (AC +2) [demonic ancestry]
  3291 | D:2      | Reached XP level 5. HP: 25/41 MP: 5/5
  4083 | D:3      | Noticed Robin
  4116 | D:2      | Gained mutation: You have a pair of small horns on your
                  | head. [demonic ancestry]
  4116 | D:2      | Reached XP level 6. HP: 40/48 MP: 6/6
  4480 | D:3      | Killed Robin
  4808 | D:3      | Noticed Ijyb
  4821 | D:3      | Killed Ijyb
  5628 | D:4      | Noticed an orc warrior
  5645 | D:4      | Reached XP level 7. HP: 14/55 MP: 7/7
  5645 | D:4      | HP: 2/55 [orc warrior/+0 halberd (12)]
  5646 | D:4      | Slain by an orc warrior

Illustrated notes

Levels and vault maps discovered:
D:1:      dpeg_arrival_windows_large_door, layout_basic, serial_bayou_ford_a,
          minivault_26, minivault_24
D:2:      layout_basic, minmay_circle_x
D:3:      corexii_shack_village, layout_basic, saegor_snake_ambush, uniq_ijyb,
          uniq_robin
D:4:      layout_loops_cross, serial_shops, shop

Skill      XL: |  1  2  3  4  5  6 |
---------------+-------------------+-----
Dodging        | 3 4 |  4.7
Long Blades    | 3 4 |  4.6
Fighting       | 3 4 |  4.5
Throwing       | |  1.9

Action                   |  1- 3 |  4- 6 |  7- 9 || total
-------------------------+-------+-------+-------++-------
Melee: Long sword        |   146 |   248 |     1 ||   395
       Headbutt          |       |    19 |       ||    19
 Fire: Hunting sling     |       |     2 |       ||     2
Throw: Throwing net      |     1 |       |       ||     1
       Dart              |       |     1 |       ||     1
  Use: Scroll            |     4 |     1 |       ||     5
       Potion            |       |     4 |       ||     4
 Stab: Sleeping          |     1 |       |       ||     1
Armor: Leather armour    |    37 |   109 |       ||   146
Dodge: Dodged            |   101 |   242 |       ||   343
       Rpst.: Long sword |    29 |    68 |       ||    97

Table legend: (Time is in decaauts)
 A = Elapsed time spent in this place.
 B = Non-inter-level travel time spent in this place.
 C = Inter-level travel time spent in this place.
 D = Time resting spent in this place.
 E = Time spent auto-exploring this place.
 F = Levels seen in this place.
 G = Mean time per level.
                   A        B        C        D        E       F      G
               +--------+--------+--------+--------+--------+-----+--------+
         Total |   5764 |   5536 |    228 |   1370 |   2863 |   4 | 1441.0 |
       Dungeon |   5764 |   5536 |    228 |   1370 |   2863 |   4 | 1441.0 |
               +--------+--------+--------+--------+--------+-----+--------+

Top non-repeatable levels by time:
     D:2: 1765 daAuts
     D:3: 1692 daAuts
     D:1: 1604 daAuts
     D:4: 701 daAuts
